 Dungeon Crawl Stone Soup version 0.23.2 (webtiles) character file.

Game seed: 7008515887139145540

69 Azureo the Chiller (level 4, 0/31 HPs)
             Began as a Human Ice Elementalist on Apr 15, 2019.
             Slain by Purgy (4 damage)
             ... on level 3 of the Dungeon.
             The game lasted 00:26:34 (883 turns).

Azureo the Chiller (Human Ice Elementalist)          Turns: 883, Time: 00:26:35

Health: 0/31       AC:  2    Str:  8    XL:     4   Next: 42%
Magic:  0/8        EV: 13    Int: 16    God:
Gold:   73         SH:  0    Dex: 14    Spells: 3/9 levels left

rFire    x . .     SeeInvis .   k - +0 short sword
rCold    + . .     Gourm    .   (no shield)
rNeg     . . .     Faith    .   a - +0 robe
rPois    .         Spirit   .   (no helmet)
rElec    .         Reflect  .   (no cloak)
rCorr    .         Harm     .   (no gloves)
MR       .....                  (no boots)
Stlth    ++........             (no amulet)
HPRegen  0.10/turn              d - ring of ice
MPRegen  0.11/turn              (no ring)

@: no status effects
A: no striking features
a: no special abilities


You were on level 3 of the Dungeon.
You were not hungry.

You visited 1 branch of the dungeon, and saw 3 of its levels.

You collected 73 gold pieces.

Inventory:

Hand Weapons
 b - a +0 whip
 c - a +0 mace
 e - a +0 hand axe
 j - a +0 falchion
 k - a +0 short sword (weapon)
Armour
 a - a +0 robe (worn)
Jewellery
 d - a ring of ice (left hand)
Potions
 h - a potion of might {unknown}
 i - a potion of curing {unknown}
 l - a potion of agility {unknown}
Comestibles
 f - 3 rations


   Skills:
 + Level 0.4 Fighting
 - Level 0.4(0.5) Axes
 - Level 0.1(0.3) Maces & Flails
 + Level 2.4 Dodging
 + Level 2.1 Stealth
 + Level 3.0 Spellcasting
 + Level 1.0 Conjurations
 + Level 3.5 Ice Magic


You had 3 spell levels left.
You knew the following spells:

 Your Spells              Type           Power        Failure   Level  Hunger
a - Freeze                Ice            ###.         4%          1    #......
b - Throw Frost           Conj/Ice       ##....       11%         2    ##.....
c - Ozocubu's Armour      Chrm/Ice       ##......     26%         3    ###....

Your spell library contained the following spells:

 Spells                   Type           Power        Failure   Level  Hunger
 Throw Icicle             Conj/Ice       ##......     56%         4    #####..
 Summon Ice Beast         Ice/Summ       ##......     65%         4    #####..


Dungeon Overview and Level Annotations

Branches:
Dungeon (3/15)

Altars:

Annotations:
D:3 Purgy


Message History

Purgy claws you but does no damage.
Okay, then.
You aren't carrying any scrolls.
It was a potion of heal wounds.
You feel much better. Purgy bites you. Purgy misses you. Purgy claws you.
You closely miss Purgy.
Purgy is severely wounded.
Purgy closely misses you. Purgy claws you. Purgy closely misses you.
You closely miss Purgy.
Purgy is severely wounded.
Purgy bites you but does no damage. Purgy closely misses you.
Purgy barely misses you. Purgy bites you. Purgy completely misses you.
Purgy claws you.
* * * LOW HITPOINT WARNING * * *
You barely miss Purgy.
Purgy is heavily wounded.
Purgy bites you.
* * * LOW HITPOINT WARNING * * *
Purgy claws you.
You die...

*******##########
,,,,,,,..?......#######
*******########T@.....#
#.......# #.......#
***** #.......#
*,,,**** #.......#
*,,,,,,* #.......#
*,,,,,,* #.......#
*,,,,,,*******#.......#
*,,,,,,,,,,,,*####.####


You could see Purgy.

Vanquished Creatures
  An adder (D:2)
  A worm (D:3)
  4 dart slugs (D:1)
  A leopard gecko (D:2)
  2 orcs
  2 ball pythons (D:1)
  A giant cockroach (D:2)
  4 goblins
  7 hobgoblins
  A quokka (D:2)
  8 bats
  5 frilled lizards
  4 kobolds
  6 rats
47 creatures vanquished.

Notes
Turn   | Place    | Note
-------+----------+-------------------------------------------
     0 | D:1      | Azureo the Human Ice Elementalist began the quest for the
                  | Orb.
     0 | D:1      | Reached XP level 1. HP: 13/13 MP: 3/3
   111 | D:1      | Reached XP level 2. HP: 18/19 MP: 0/5
   128 | D:1      | Learned a level 2 spell: Throw Frost
   250 | D:1      | Reached XP level 3. HP: 17/24 MP: 3/6
   515 | D:2      | Reached XP level 4. HP: 17/30 MP: 1/8
   627 | D:2      | Learned a level 3 spell: Ozocubu's Armour
   866 | D:3      | Noticed Purgy
   879 | D:3      | HP: 1/31 [Purgy (1)]
   883 | D:3      | Slain by Purgy

Skill      XL: |  1  2  3  4 |
---------------+-------------+-----
Spellcasting   | 3 |  3.0
Fighting       | |  0.4
Axes           | |  0.4
Maces & Flails | |  0.1
Dodging        | |  2.4
Stealth        | |  2.1
Conjurations   | |  1.0
Ice Magic      | |  3.5

Action                   |  1- 3 |  4- 6 || total
-------------------------+-------+-------++-------
Melee: Whip              |    19 |       ||    19
       Hand axe          |    15 |    10 ||    25
       Falchion          |       |    12 ||    12
       Short sword       |       |     6 ||     6
 Cast: Freeze            |    27 |    24 ||    51
       Throw Frost       |     9 |     5 ||    14
  Use: Scroll            |     2 |     2 ||     4
       Potion            |       |     1 ||     1
  Eat: Ration            |     1 |       ||     1
Armor: Robe              |     9 |    10 ||    19
Dodge: Dodged            |    46 |    44 ||    90
       Rpst.: Falchion   |       |     4 ||     4
